 Dungeon Crawl Stone Soup version 0.29-a0-529-gfa20dd96a1 (webtiles) character file.

Game seed: 7684690745839458088

162 gnolly the Slinger (level 5, -1/34 (43) HPs)
             Began as a Gnoll Wanderer on June 1, 2022.
             Slain by a necrophage (3 damage)
             ... on level 4 of the Dungeon on June 2, 2022.
             The game lasted 00:10:37 (3395 turns).

gnolly the Slinger (Gnoll Wanderer)                 Turns: 3395, Time: 00:10:38

HP:   -1/34 (43)    AC:  5    Str: 12    XL:     5   Next: 43%
MP:   9/9           EV: 11    Int: 11    God:
Gold: 219           SH:  4    Dex: 13    Spells: 8/10 levels left

rFire   . . .      SeeInvis .   l - +0 trident
rCold   . . .      Faith    .   s - +0 buckler
rNeg    . . .      Spirit   .   c - +0 robe
rPois   .          Reflect  .   (no helmet)
rElec   .          Harm     .   p - +2 cloak
rCorr   .          Rampage  .   (no gloves)
Will    .....                   (no boots)
Stlth   ++........              (no amulet)
HPRegen 0.11/turn               (no ring)
MPRegen 0.11/turn               (no ring)

@: heavily drained
A: fangs 1, strong nose, distributed training
a: no special abilities


You were on level 4 of the Dungeon.
You visited 1 branch of the dungeon, and saw 4 of its levels.

You collected 219 gold pieces.

Inventory:

Hand Weapons
 a - a +3 hunting sling
 h - a +0 hand axe
 l - a +0 trident (weapon)
Missiles
 i - 122 stones
 q - 6 boomerangs
Armour
 c - a +0 robe (worn)
 p - a +2 cloak (worn)
 s - a +0 buckler (worn)
Jewellery
 r - an amulet of magic regeneration
 t - a ring of positive energy
Scrolls
 b - a scroll of blinking
 e - a scroll of summoning {unknown}
 g - 3 scrolls of identify {unknown}
 j - 2 scrolls of magic mapping {unknown}
 k - 4 scrolls of teleportation {unknown}
 m - a scroll of fear {unknown}
 n - a scroll of acquirement {unknown}
Potions
 d - 4 potions of might {unknown}
 f - 2 potions of curing {unknown}
 o - a potion of flight {unknown}
 u - a potion of brilliance {unknown}


   Skills:
 + Level 4.8 Fighting
 + Level 1.5 Short Blades
 + Level 1.5 Long Blades
 + Level 1.5 Axes
 + Level 1.5 Maces & Flails
 + Level 1.5 Polearms
 + Level 1.5 Staves
 + Level 8.6 Slings
 + Level 1.5 Bows
 + Level 1.5 Crossbows
 + Level 1.5 Throwing
 + Level 3.0 Armour
 + Level 1.5 Dodging
 + Level 1.5 Stealth
 + Level 1.5 Shields
 + Level 1.5 Unarmed Combat
 + Level 3.2 Spellcasting
 + Level 1.2 Conjurations
 + Level 4.0 Hexes
 + Level 1.2 Summonings
 + Level 1.2 Necromancy
 + Level 1.2 Translocations
 + Level 1.2 Transmutations
 + Level 1.2 Fire Magic
 + Level 1.2 Ice Magic
 + Level 1.2 Air Magic
 + Level 1.2 Earth Magic
 + Level 1.2 Poison Magic
 + Level 1.7 Invocations
 + Level 1.5 Evocations


You had 8 spell levels left.
You knew the following spells:

 Your Spells              Type           Power      Damage    Failure   Level
a - Slow                  Hex            40%        N/A       7%          1
b - Magic Dart            Conj           16%        1d3       21%         1

Your spell library contained the following spells:

 Spells                   Type           Power      Damage    Failure   Level
 Beastly Appendage        Tmut           8%         N/A       21%         1
 Searing Ray              Conj           8%         2d4       30%         2
 Wereblood                Tmut           4%         N/A       30%         2
 Dazzling Flash           Conj/Hex       14%        N/A       34%         3
 Spider Form              Tmut/Pois      4%         N/A       52%         3
 Fulminant Prism          Conj/Hex       3%         3d6       75%         4


Dungeon Overview and Level Annotations

Branches:
Dungeon (4/15)
 Temple: D:4-7

Altars:
Kikubaaqudgha


Innate Abilities, Weirdness & Mutations

You have very sharp teeth.
Your uncanny sense of smell can sniff out nearby items.
Your experience applies equally to all skills.


Message History

You are too injured to fight recklessly!
You are too injured to fight recklessly!
You are too injured to fight recklessly!
You are too injured to fight recklessly!
You are too injured to fight recklessly!
You are too injured to fight recklessly!
You are too injured to fight recklessly!
You are too injured to fight recklessly!
You are too injured to fight recklessly!
You are too injured to fight recklessly!
You are too injured to fight recklessly!
You are too injured to fight recklessly!
You are too injured to fight recklessly!
You are too injured to fight recklessly!
You are too injured to fight recklessly!
You are too injured to fight recklessly!
You hit the necrophage but do no damage.
The necrophage is moderately damaged.
The necrophage closely misses you.
You hit the necrophage but do no damage.
The necrophage is moderately damaged.
The necrophage hits you.
You barely miss the necrophage.
The necrophage is moderately damaged.
The necrophage closely misses you.
You closely miss the necrophage.
The necrophage is moderately damaged.
The necrophage hits you.
You feel drained. The necrophage hits you.
* * * LOW HITPOINT WARNING * * *
You barely miss the necrophage.
The necrophage is moderately damaged.
The necrophage hits you but does no damage.
You puncture the necrophage!
The necrophage is heavily damaged.
The necrophage hits you.
* * * LOW HITPOINT WARNING * * *
You barely miss the necrophage.
The necrophage is heavily damaged.
The necrophage hits you.
You die...

# ####.#.#
#<)....#
#@#....#
#n+....#
..!.[.J##....#
......! ...$#
....... ...##
....... ...#
....... ...#
.....(.
.......


You could see a necrophage and an endoplasm.

Vanquished Creatures
  A vampire bat (D:3)
  4 adders
  3 worms
  2 dart slugs
  A ball python (D:2)
  8 bats
  3 bat skeletons (D:3)
  2 bat zombies (D:3)
  4 endoplasms
  A giant cockroach (D:3)
  5 goblins
  8 hobgoblins
  7 jackals (D:2)
  6 kobolds
  4 quokkas (D:2)
  4 frilled lizards
  3 rats
66 creatures vanquished.

Notes
Turn   | Place    | Note
-------+----------+-------------------------------------------
     0 | D:1      | gnolly the Gnoll Wanderer began the quest for the Orb.
     0 | D:1      | gnolly set off with the following items: a +3 hunting
                  | sling, a scroll of blinking, a +0 robe; and the following
                  | spell memorised: Slow; and the following spells available
                  | to memorise: Dazzling Flash
     0 | D:1      | Reached XP level 1. HP: 20/20 MP: 4/4
   499 | D:1      | Reached XP level 2. HP: 3/26 MP: 5/5
   896 | D:1      | Found a faded altar of an unknown god.
  1402 | D:1      | Reached XP level 3. HP: 17/31 MP: 7/7
  1788 | D:2      | Reached skill level 1 in Invocations
  1878 | D:2      | Reached skill level 1 in Short Blades
  1878 | D:2      | Reached skill level 1 in Long Blades
  1878 | D:2      | Reached skill level 1 in Axes
  1878 | D:2      | Reached skill level 1 in Maces & Flails
  1878 | D:2      | Reached skill level 1 in Polearms
  1878 | D:2      | Reached skill level 1 in Staves
  1878 | D:2      | Reached skill level 1 in Bows
  1878 | D:2      | Reached skill level 1 in Crossbows
  1878 | D:2      | Reached skill level 1 in Throwing
  1878 | D:2      | Reached skill level 1 in Dodging
  1878 | D:2      | Reached skill level 1 in Stealth
  1878 | D:2      | Reached skill level 1 in Shields
  1878 | D:2      | Reached skill level 1 in Unarmed Combat
  1878 | D:2      | Reached skill level 1 in Evocations
  1943 | D:2      | Reached XP level 4. HP: 38/38 MP: 8/8
  2420 | D:3      | Learned a level 1 spell: Magic Dart
  2489 | D:3      | Found an ancient bone altar of Kikubaaqudgha.
  2512 | D:3      | Reached skill level 1 in Conjurations
  2512 | D:3      | Reached skill level 1 in Summonings
  2512 | D:3      | Reached skill level 1 in Necromancy
  2512 | D:3      | Reached skill level 1 in Translocations
  2512 | D:3      | Reached skill level 1 in Transmutations
  2512 | D:3      | Reached skill level 1 in Fire Magic
  2512 | D:3      | Reached skill level 1 in Ice Magic
  2512 | D:3      | Reached skill level 1 in Air Magic
  2512 | D:3      | Reached skill level 1 in Earth Magic
  2512 | D:3      | Reached skill level 1 in Poison Magic
  2512 | D:3      | Reached XP level 5. HP: 26/43 MP: 3/9
  3395 | D:4      | Slain by a necrophage

Illustrated notes

Levels and vault maps discovered:
D:1:      tarquinn_simple_flora_water_a, layout_loops_ring,
          shapermc_ecumenical_altar_notcrosses, nicolae_figureground_pulse
D:2:      layout_basic
D:3:      layout_loops_cross, kennysheep_vampire_church,
          hangedman_abyss_or_decor_stabs, st_stairs_12, minmay_pentomino_pile
D:4:      layout_basic, nicolae_stop_n_shop_1

Skill      XL: |  1  2  3  4  5 |
---------------+----------------+-----
Invocations    | 1 |  1.7
Short Blades   | 1 |  1.5
Long Blades    | 1 |  1.5
Axes           | 1 |  1.5
Maces & Flails | 1 |  1.5
Polearms       | 1 |  1.5
Staves         | 1 |  1.5
Bows           | 1 |  1.5
Crossbows      | 1 |  1.5
Throwing       | 1 |  1.5
Dodging        | 1 |  1.5
Stealth        | 1 |  1.5
Shields        | 1 |  1.5
Unarmed Combat | 1 |  1.5
Evocations     | 1 |  1.5
Spellcasting   | 3 |  3.2
Conjurations   | 1 |  1.2
Summonings     | 1 |  1.2
Necromancy     | 1 |  1.2
Translocations | 1 |  1.2
Transmutations | 1 |  1.2
Fire Magic     | 1 |  1.2
Ice Magic      | 1 |  1.2
Air Magic      | 1 |  1.2
Earth Magic    | 1 |  1.2
Poison Magic   | 1 |  1.2
Armour         | 3 |  3.0
Hexes          | 4 |  4.0
Fighting       | |  4.8
Slings         | |  8.6

Action                   |  1- 3 |  4- 6 || total
-------------------------+-------+-------++-------
Melee: Unarmed           |    50 |       ||    50
       Bite              |    15 |     8 ||    23
       Punch             |     1 |     1 ||     2
       Hand axe          |    45 |       ||    45
       Short sword       |     7 |       ||     7
       Trident           |       |    96 ||    96
 Fire: Hunting sling     |    29 |    18 ||    47
 Cast: Slow              |     1 |     3 ||     4
       Magic Dart        |       |     3 ||     3
 Stab: Sleeping          |       |     4 ||     4
Armor: Robe              |    23 |    26 ||    49
Dodge: Dodged            |    74 |    53 ||   127
Block: Buckler           |       |     7 ||     7

Table legend: (Time is in decaauts)
 A = Elapsed time spent in this place.
 B = Non-inter-level travel time spent in this place.
 C = Inter-level travel time spent in this place.
 D = Time resting spent in this place.
 E = Time spent auto-exploring this place.
 F = Levels seen in this place.
 G = Mean time per level.
                   A        B        C        D        E       F      G
               +--------+--------+--------+--------+--------+-----+--------+
         Total |   3428 |   3332 |     96 |    292 |   2442 |   4 |  857.0 |
       Dungeon |   3428 |   3332 |     96 |    292 |   2442 |   4 |  857.0 |
               +--------+--------+--------+--------+--------+-----+--------+

Top non-repeatable levels by time:
     D:1: 1684 daAuts
     D:3: 1069 daAuts
     D:2: 629 daAuts
     D:4: 45 daAuts
